 Dungeon Crawl Stone Soup version 0.19-a0-944-gb338e1e (webtiles) character file.

15700 Implojin the Grappler (level 12, 0/132 HPs)
             Began as a Troll Fighter on July 9, 2016.
             Was a High Priest of Okawaru.
             Slain by Aizul (11 damage)
             ... on level 2 of the Swamp.
             The game lasted 00:24:04 (3742 turns).

Implojin the Grappler (Troll Fighter)               Turns: 3742, Time: 00:24:05

Health: 0/132      AC:  9    Str: 27    XL:     12   Next: 3%
Magic:  5/12       EV: 14    Int:  4    God:    Okawaru [*****.]
Gold:   213        SH: 12    Dex: 13    Spells: 0 memorised, 11 levels left

rFire  + . .     SeeInvis .       - Unarmed
rCold  . . .     Gourm    +     D - +2 robe {MR+}
rNeg   . . .     Faith    .     b - +0 shield
rPois  .         Spirit   .     (helmet restricted)
rElec  .         Dismiss  .     S - +1 cloak {MR+}
rCorr  .         Reflect  .     (gloves unavailable)
SustAt .         Harm     .     (boots unavailable)
MR     ++...                    (no amulet)
Stlth  ++........               (no ring)
                                N - ring of protection from fire

@: lethally poisoned (0 -> -24), heroism, finesse, very slightly contaminated,
very resistant to hostile enchantments, unstealthy
A: unfitting armour, claws 3, fast metabolism 3, gourmand, regeneration 2,
shaggy fur 1, tough skin 2
a: Heroism, Finesse, Renounce Religion


You were on level 2 of the Swamp.
You worshipped Okawaru.
Okawaru was extremely pleased with you.
You were completely stuffed.

You visited 4 branches of the dungeon, and saw 20 of its levels.
You also visited: Sewer.

You collected 213 gold pieces.

Inventory:

Hand Weapons
 A - a cursed -2 falchion
 F - a +1 blowgun
Missiles
 q - 3 javelins (quivered)
 t - 8 tomahawks
 w - 65 poisoned needles
 J - 13 large rocks
Armour
 b - a +0 shield (worn)
 p - a +1 cloak
 u - a +0 robe
 D - a +2 robe of magic resistance (worn)
 S - a +1 cloak of magic resistance (worn)
Jewellery
 c - an uncursed ring of ice
 g - an uncursed ring of fire
 N - a ring of protection from fire (left claw)
 P - an uncursed ring of teleportation
Wands
 j - a wand of acid (13/15)
 I - a wand of disintegration (5/24)
 M - a wand of iceblast (7/15)
Scrolls
 f - 5 scrolls of recharging
 h - 3 scrolls of remove curse
 k - 2 scrolls of magic mapping
 m - 2 scrolls of enchant weapon
 o - a scroll of fear
 s - a scroll of enchant armour
 z - a scroll of noise
 C - a scroll of brand weapon {unknown}
 H - a scroll of teleportation
 K - a scroll of immolation
 L - a scroll of fog {unknown}
 O - a scroll of blinking
Potions
 e - 3 potions of flight
 n - 2 potions of curing
 r - 3 potions of degeneration
 v - a potion of haste {unknown}
 x - 2 potions of heal wounds {unknown}
 B - 3 potions of might
 G - 2 potions of lignification
 R - a potion of agility {unknown}
Books
 a - a Necronomicon

   Spells                             Type                      Level
   a - Haunt                          Necromancy/Summoning         7
   b - Borgnjor's Revivification      Necromancy                   8
   c - Death's Door                   Charms/Necromancy            8
   d - Infestation                    Necromancy                   8
   e - Necromutation                  Transmutation/Necromancy     8
 y - a book of Necromancy

   Spells                             Type                      Level
   a - Pain                           Necromancy                   1
   b - Animate Skeleton               Necromancy                   1
   c - Vampiric Draining              Necromancy                   3
   d - Regeneration                   Charms/Necromancy            3
   e - Animate Dead                   Necromancy                   4
   f - Control Undead                 Necromancy                   4
 E - a book of Ice

   Spells                             Type                      Level
   a - Ice Form                       Ice/Transmutation            4
   b - Metabolic Englaciation         Hexes/Ice                    5
   c - Ozocubu's Refrigeration        Ice                          6
   d - Bolt of Cold                   Conjuration/Ice              6
   e - Freezing Cloud                 Conjuration/Ice/Air          6
   f - Simulacrum                     Ice/Necromancy               6
Comestibles
 d - 13 bread rations
 i - 6 meat rations
 l - a beef jerky
 Q - 9 slices of pizza
 T - 4 chunks of flesh


   Skills:
 - Level 12.0(17.0) Fighting
 - Level 2.4(7.4) Dodging
 - Level 5.0(10.0) Shields
 - Level 12.4(17.4) Unarmed Combat
 * Level 1.5 Invocations


You had 11 spell levels left.
You didn't know any spells.

Dungeon Overview and Level Annotations

Branches:
Dungeon (12/15)            Temple (1/1) D:5            Lair (5/6) D:8
  Swamp (2/4) Lair:3       Spider (0/4) Lair:4
  Slime: Lair:5-6       Orc: D:9-12

Altars:
Ashenzari
Cheibriados
Fedhas
Gozag
Makhleb
Okawaru
Ru
Trog
Uskayaw
Vehumet
Xom
Yredelemnul
Zin
The Shining One

Annotations:
Swamp:2 Aizul


Innate Abilities, Weirdness & Mutations

You are too large for most types of armour.
You have claws for hands.
Your metabolism is lightning-fast.
You like to eat raw meat.
You heal very quickly.
You are covered in fur. (AC +1)
You have very tough skin. (AC +2)


Message History

You feel very sick.
There is a stone staircase leading down here.
Unknown command.
You feel better.
Put on which piece of jewellery? (? for menu, Esc to quit)
N - a ring of protection from fire (left claw) Put on which piece of jewellery? (? for menu, Esc to quit)
Okay, then.
Okay, then.
You fail to use your ability.
You gain the combat prowess of a mighty hero.
You can now deal lightning-fast blows.
You climb downwards.
Level annotation: Aizul The swamp worm barely misses you.
Aizul coils herself and waves her upper body at you.
The poison arrow hits you!
You are poisoned.
* * * LOW HITPOINT WARNING * * *
The swamp worm bites you!
* * * LOW HITPOINT WARNING * * *
Aizul coils herself and waves her upper body at you.
The bolt of poison hits you!
You are more poisoned.
* * * LOW HITPOINT WARNING * * *
A swamp worm comes into view.
There is a stone staircase leading up here.
Okay, then.
Okay, then.
Okay, then.
Okay, then.
Okay, then.
Blink to where?
Press: ? - help, Dir - move target cursor You are very lightly contaminated with residual magic.
As you read the scroll of blinking, it crumbles to dust.
* * * LOW HITPOINT WARNING * * *
You feel very sick. Aizul hits you!
You die...

≈.≈≈≈ ♣.≈≈.♣♣♣♣
♣...≈§..♣♣
♣♣≈≈≈.≈≈≈.♣
≈≈.≈≈§>≈≈≈.♣♣♣
≈♣..≈§≈..≈≈...♣
......≈..S....♣
≈≈≈≈≈≈≈..@≈♣
≈≈≈≈≈≈≈.≈.♣♣
≈≈≈≈≈≈...>.♣♣
..≈≈≈≈.....≈♣.≈
.#≈.w§.....≈≈
#)≈....≈....
.......♣..≈≈≈≈.
...#..♣≈≈≈≈≈≈..<
.. ♣♣♣ ≈≈≈≈..≈


You could see Aizul and a swamp worm.

Vanquished Creatures
  Josephine (Lair:4)
  An unseen horror (D:11)
  3 hill giants
  A griffon (Lair:4)
  A cyclops (D:11)
  A black mamba (Lair:1)
  5 spiny frogs
  A vampire (D:10)
  A spriggan (D:8)
  3 wraiths (Lair:4)
  15 yaks
  3 basilisks
  3 hippogriffs
  Eustachio (D:6)
  2 water moccasins
  7 porcupines
  4 orc warriors
  The ghost of Findleman the Skirmisher, an amateur DrWn (D:3)
  2 sky beasts
  An eye of draining (D:9)
  A necrophage (D:10)
  9 wolves
  2 ogres
  A black bear (D:8)
  8 centaurs
  7 crocodiles
  2 big kobolds
  7 giant frogs
  4 howler monkeys
  4 killer bees (D:10)
  8 wights
  A giant frog zombie (D:3)
  5 crimson imps
  3 orc priests
  2 hounds
  5 iguanas
  5 jellies
  5 orc wizards
  2 giant frog skeletons
  6 hell rats (Lair:4)
  4 worker ants
  A killer bee zombie (D:7)
  7 sheep (D:8)
  2 hound zombies
  A hound skeleton (D:5)
  A howler monkey skeleton (D:9)
  3 adders
  14 river rats
  2 shadow imps
  A worm (D:3)
  A giant gecko (D:6)
  23 orcs
  13 jackals
  2 ball pythons
  2 giant newts
  11 kobolds
  A quokka zombie (D:7)
  6 rats
239 creatures vanquished.

Notes
Turn   | Place    | Note
-------+----------+-------------------------------------------
     0 | D:1      | Implojin the Troll Fighter began the quest for the Orb.
     0 | D:1      | Reached XP level 1. HP: 22/22 MP: 0/0
    55 | D:2      | Found a shimmering altar of Xom.
    66 | D:2      | Reached skill level 3 in Unarmed Combat
    66 | D:2      | Reached XP level 2. HP: 29/29 MP: 1/1
    85 | D:3      | Noticed Findleman's ghost (amateur DrWn)
    99 | D:3      | Killed Findleman's ghost
    99 | D:3      | Reached skill level 5 in Unarmed Combat
    99 | D:3      | Reached XP level 3. HP: 20/36 MP: 2/2
    99 | D:3      | Reached XP level 4. HP: 25/44 MP: 3/3
   122 | D:3      | Reached XP level 5. HP: 32/50 MP: 4/4
   247 | D:5      | Entered Level 5 of the Dungeon
   311 | D:5      | Found a staircase to the Ecumenical Temple.
   322 | Temple   | Entered the Ecumenical Temple
   330 | Temple   | Became a worshipper of Warmaster Okawaru
   338 | Temple   | Reached skill level 6 in Unarmed Combat
   367 | D:5      | Reached XP level 6. HP: 59/59 MP: 5/5
   433 | D:6      | Noticed a sky beast
   442 | D:6      | Reached skill level 7 in Unarmed Combat
   443 | D:6      | Reached * piety under Okawaru
   446 | D:6      | Killed a sky beast
   446 | D:6      | Reached XP level 7. HP: 61/66 MP: 6/6
   465 | D:5      | Found a glowing drain.
   475 | Sewer    | Entered a sewer
   528 | Sewer    | Reached skill level 8 in Unarmed Combat
   557 | Sewer    | Found a glowing silver altar of Zin.
   616 | D:6      | Noticed Eustachio
   630 | D:6      | Killed Eustachio
   742 | D:7      | Reached skill level 9 in Unarmed Combat
   795 | D:7      | Reached XP level 8. HP: 74/74 MP: 4/7
   840 | D:7      | Reached ** piety under Okawaru
   840 | D:7      | Reached skill level 10 in Unarmed Combat
   930 | D:7      | Found a glowing golden altar of the Shining One.
  1220 | D:9      | Reached skill level 11 in Unarmed Combat
  1285 | D:9      | Found an opulent altar of Gozag.
  1326 | D:9      | Found a shattered altar of Ashenzari.
  1360 | D:10     | Entered Level 10 of the Dungeon
  1364 | D:10     | Reached XP level 9. HP: 75/80 MP: 6/8
  1401 | D:10     | Noticed a hill giant
  1408 | D:10     | Killed a hill giant
  1408 | D:10     | Reached *** piety under Okawaru
  1408 | D:10     | Reached skill level 12 in Unarmed Combat
  1463 | D:11     | Reached skill level 3 in Fighting
  1476 | D:11     | Reached skill level 4 in Fighting
  1478 | D:11     | Reached **** piety under Okawaru
  1558 | D:11     | Killed an unseen horror
  1558 | D:11     | Reached skill level 5 in Fighting
  1642 | D:10     | Reached skill level 6 in Fighting
  1678 | D:10     | Reached XP level 10. HP: 95/98 MP: 9/9
  1732 | D:11     | Noticed a hill giant
  1740 | D:11     | Killed a hill giant
  1740 | D:11     | Reached skill level 7 in Fighting
  1789 | D:11     | Reached ***** piety under Okawaru
  1794 | D:11     | Received a gift from Okawaru
  1857 | D:11     | Noticed a cyclops
  1870 | D:11     | Killed a cyclops
  1870 | D:11     | Reached skill level 8 in Fighting
  2018 | D:10     | Identified the Handbook of Fiery Earth
  2040 | D:10     | Found a basalt altar of Yredelemnul.
  2170 | D:10     | Received a gift from Okawaru
  2170 | D:10     | Reached skill level 9 in Fighting
  2204 | D:10     | Found a burning altar of Makhleb.
  2228 | D:10     | Noticed a hill giant
  2239 | D:10     | Killed a hill giant
  2478 | D:8      | Reached XP level 11. HP: 117/117 MP: 10/10
  2486 | D:8      | Reached skill level 10 in Fighting
  2557 | D:8      | Found a staircase to the Lair.
  2601 | Lair:1   | Entered Level 1 of the Lair of Beasts
  2966 | Lair:3   | Reached skill level 11 in Fighting
  3015 | Lair:4   | Found a hole to the Spider Nest.
  3210 | Lair:4   | :josephine?
  3212 | Lair:4   | Noticed Josephine
  3253 | Lair:4   | Killed Josephine
  3258 | Lair:4   | Reached skill level 12 in Fighting
  3270 | Lair:4   | Reached skill level 3 in Shields
  3337 | Lair:4   | Noticed a griffon
  3343 | Lair:4   | Killed a griffon
  3396 | Lair:4   | Reached skill level 4 in Shields
  3623 | Lair:3   | Found a staircase to the Swamp.
  3645 | Lair:3   | Received a gift from Okawaru
  3652 | Lair:3   | Reached skill level 5 in Shields
  3658 | Lair:3   | Reached XP level 12. HP: 97/132 MP: 7/11
  3660 | Lair:3   | Reached skill level 1 in Invocations
  3713 | Swamp:1  | Entered Level 1 of the Swamp
  3727 | Swamp:1  | Noticed a five-headed hydra
  3731 | Swamp:2  | Noticed Aizul
  3742 | Swamp:2  | Slain by Aizul

Vault maps used:
D:1:      minmay_arrival_four_loops
D:2:      johnstein_pakellas_dig, lemuel_crystal_altar, old_standard_altar,
          kennysheep_small_spiral, uniq_crazy_yiuf_cottage
D:3:      lemuel_crystal_altar, lemuel_doored_altar, first_bread
D:4:      black_bear_nest_2, uniq_pikel, uniq_edmund, uniq_menkaure
D:5:      kiku_gazebo_garden_becter, portal_sewer_entry_a, minmay_misc_feat_x,
          dk_noncrumbling_4
D:6:      basic_altar, uniq_eustachio
D:7:      overflow_temple_1_default
D:8:      minmay_lair_entry_grove, serial_shops,
          nicolae_shop_temple_entry_statues_fountains, grunt_pizzeria
D:9:      kennysheep_little_box, grunt_gozag_statues
D:10:     basic_altar, bloody_makhleb
D:11:     kennysheep_generic_room_5
D:12:     orc_0_dummy, serial_shops, shop, lemuel_flame_loot_1
Temple:   eino_temple_lava
Lair:1:   infiniplex_staircase_pool
Lair:2:   uniq_harold
Lair:3:   swamp_mist, grunt_megastairs_2
Lair:4:   dummy_spider_entry, lemuel_fruit_fields, uniq_josephine
Lair:5:   slime_altar_1, serial_bayou_pond_e, grunt_megastairs_3,
          serial_bayou_shore_b
Swamp:1:  evilmike_swamp_ruin_house_3, swamp_pool5
Swamp:2:  serial_swamp_ruin, evilmike_swamp_ruin_house_6,
          evilmike_swamp_ruin_house_2, uniq_aizul
Sewer:    sewer_kobolds

Skill      XL: |  1  2  3  4  5  6  7  8  9 10 11 12 |
---------------+-------------------------------------+-----
Unarmed Combat | 3 5 6 7 9 11 12 | 12.4
Fighting       | 6 9 12 | 12.0
Shields        | 5 |  5.0
Invocations    | 1 |  1.5
Dodging        | |  2.4

Action                   |  1- 3 |  4- 6 |  7- 9 | 10-12 || total
-------------------------+-------+-------+-------+-------++-------
Melee: Unarmed           |    21 |    58 |   207 |   378 ||   664
Invok: Heroism           |       |       |    15 |    40 ||    55
       Finesse           |       |       |       |     1 ||     1
  Use: Potion            |     1 |     1 |       |     1 ||     3
       Scroll            |       |       |     7 |    11 ||    18
 Stab: Sleeping          |       |       |     1 |       ||     1
  Eat: Chunk             |       |     7 |     8 |    25 ||    40
Armor: Robe              |    19 |    29 |    41 |    51 ||   140
Dodge: Dodged            |    12 |    41 |    55 |   125 ||   233
Block: Shield            |    18 |    42 |    96 |   153 ||   309

Table legend:
 A = Turns spent in this place as a percentage of turns spent in the entire game.
 B = Non-inter-level travel turns spent in this place as a percentage of non-inter-level travel turns spent in the entire game.
 C = Inter-level travel turns spent in this place as a percentage of turns spent in this place.
 D = Turns resting spent in this place as a percentage of non-inter-level travel turns spent in this place.
 E = Turns spent auto-exploring this place as a percentage of non-inter-level travel turns spent in this place.
 F = Non-inter-level travel turns spent in this place divided by the number of levels of this place that you've seen.
                   A       B       C       D       E      F
               +-------+-------+-------+-------+-------+----------------------
         Total | 100.0 | 100.0 |   0.0 |   0.0 |   0.0 | 176.9
       Dungeon |  64.4 |  64.4 |   0.0 |   0.0 |   0.0 | 199.5
        Temple |   0.8 |   0.8 |   0.0 |   0.0 |   0.0 |  31.0
          Lair |  30.7 |  30.7 |   0.0 |   0.0 |   0.0 | 227.8
         Swamp |   1.0 |   1.0 |   0.0 |   0.0 |   0.0 |  18.5
         Sewer |   3.1 |   3.1 |   0.0 |   0.0 |   0.0 | 114.0
               +-------+-------+-------+-------+-------+----------------------

Table legend:
 A = Kills in this place as a percentage of kills in entire the game.
 B = Kills by you in this place as a percentage of kills by you in the entire game.
 C = Kills by friends in this place as a percentage of kills by friends in the entire game.
 D = Other kills in this place as a percentage of other kills in the entire game.
 E = Experience gained in this place as a percentage of experience gained in the entire game.
 F = Experience gained in this place divided by the number of levels of this place that you have seen.
                   A       B       C       D       E      F
               +-------+-------+-------+-------+-------+----------------------
         Total | 100.0 | 100.0 |  -nan |  -nan | 100.0 | 1068.0
       Dungeon |  67.8 |  67.8 |  -nan |  -nan |  52.1 | 973.0
        Temple |   0.8 |   0.8 |  -nan |  -nan |   0.5 | 109.0
          Lair |  26.4 |  26.4 |  -nan |  -nan |  46.9 | 2104.8
         Sewer |   5.0 |   5.0 |  -nan |  -nan |   0.5 | 120.0
               +-------+-------+-------+-------+-------+----------------------
